 Dungeon Crawl Stone Soup version 0.20-a0-823-gdec668e (webtiles) character file.

1019 Devintownsend the Protected (level 8, -1/84 HPs)
             Began as a Minotaur Fighter on Mar 4, 2017.
             Was a Priest of Okawaru.
             Succumbed to an orc warrior's poison
             ... on level 6 of the Dungeon.
             The game lasted 00:13:55 (3080 turns).

Devintownsend the Protected (Minotaur Fighter)      Turns: 3080, Time: 00:13:55

Health: -1/84      AC:  8    Str: 22    XL:     8   Next: 2%
Magic:  7/7        EV: 13    Int:  5    God:    Okawaru [***...]
Gold:   165        SH: 10    Dex: 16    Spells: 7/7 levels left

rFire    . . .     SeeInvis .   a - +0 war axe
rCold    . . .     Gourm    .   b - +0 scale mail
rNeg     . . .     Faith    .   c - +0 shield
rPois    .         Spirit   .   (helmet unavailable)
rElec    .         Reflect  .   (no cloak)
rCorr    .         Harm     .   (no gloves)
MR       .....                  (no boots)
Stlth    ++........             (no amulet)
Regen    0.3/turn               (no ring)
MPRegen  0.1/turn               m - ring of stealth

@: agile, lethally poisoned (-1 -> -59)
A: retaliatory headbutt, horns 3, robust 2, sturdy frame 1
a: Heroism, Renounce Religion


You were on level 6 of the Dungeon.
You worshipped Okawaru.
Okawaru was most pleased with you.
You were hungry.

You visited 1 branch of the dungeon, and saw 6 of its levels.

You collected 270 gold pieces.
You spent 105 gold pieces at shops.

Inventory:

Hand Weapons
 a - a +0 war axe (weapon)
Armour
 b - a +0 scale mail (worn)
 c - a +0 shield (worn)
 u - a +0 plate armour
Jewellery
 m - a ring of stealth (left hand)
Wands
 y - a wand of lightning (7/15)
Scrolls
 e - 3 scrolls of identify
 g - 4 scrolls of blinking {unknown}
 h - 3 scrolls of remove curse {unknown}
 i - a scroll of fear {unknown}
 k - 3 scrolls of magic mapping {unknown}
 l - a scroll of random uselessness {unknown}
 n - a scroll of enchant weapon {unknown}
 o - 2 scrolls of noise {unknown}
 r - a scroll of immolation {unknown}
 t - 2 scrolls of teleportation
 v - 2 scrolls of enchant armour
Potions
 d - 2 potions of might
 j - a potion of resistance {unknown}
 p - a potion of cancellation
 w - a potion of magic {unknown}
Comestibles
 f - 7 bread rations
 q - a royal jelly
 s - a meat ration
 x - 4 chunks of flesh


   Skills:
 + Level 6.2 Fighting
 - Level 6.1 Axes
 * Level 8.6 Armour
 - Level 4.1 Shields


You had 7 spell levels left.
You didn't know any spells.

Dungeon Overview and Level Annotations

Branches:
Dungeon (6/15)
 Temple: D:4-7

Altars:
Cheibriados
Dithmenos
Kikubaaqudgha
Nemelex Xobeh
Okawaru
Vehumet
Xom
The Shining One

Shops:
D:4 ?


Innate Abilities, Weirdness & Mutations

You reflexively headbutt those who attack you in melee.
You have a pair of large horns on your head.
You are very robust. (+20% HP)
Your movements are slightly less encumbered by armour. (ER -2)


Message History

You hit the orc warrior but do no damage.
Your headbutt misses the orc warrior.
The orc warrior is lightly wounded.
You feel sick.
The orc warrior hits you with a war axe of venom!!
You are lethally poisoned!
You closely miss the orc warrior. You headbutt the orc warrior!
The orc warrior is heavily wounded.
You feel very sick. You block the orc warrior's attack.
You closely miss the orc warrior. Your headbutt misses the orc warrior.
The orc warrior is heavily wounded.
* * * LOW HITPOINT WARNING * * *
You feel very sick.
The orc warrior hits you with a war axe of venom!!
* * * LOW HITPOINT WARNING * * *
You are more poisoned.
It was a potion of agility.
You feel agile all of a sudden.
You die...

#......##
.........
........#
#...... #.....
#...# #..# #@#
##o########
#.Zo?.....##
##.)..>....###
#...........#
#..).........
#....<.......
#........[....
##..<.........


You could see an orc warrior, an orc and a hound zombie.

Vanquished Creatures
  The ghost of wearedevo the Nimble, a novice SpGl (D:4)
  4 ogres
  2 howler monkeys
  A hound (D:4)
  An orc priest (D:6)
  A jelly (D:5)
  2 iguanas
  3 worker ants
  A hound zombie (D:5)
  Robin (D:2)
  A howler monkey skeleton (D:6)
  5 adders
  4 worms
  3 dart slugs
  2 leopard geckos
  6 orcs
  4 giant cockroaches
  11 hobgoblins
  4 jackals (D:4)
  A quokka (D:4)
  5 bats
  3 frilled lizards
  11 goblins
  7 kobolds
  10 rats
  A bush (D:3)
  A plant (D:3)
96 creatures vanquished.

Notes
Turn   | Place    | Note
-------+----------+-------------------------------------------
     0 | D:1      | Devintownsend the Minotaur Fighter began the quest for the Orb.
     0 | D:1      | Reached XP level 1. HP: 19/19 MP: 0/0
   296 | D:1      | Reached XP level 2. HP: 27/27 MP: 1/1
   309 | D:1      | Reached skill level 4 in Armour
   808 | D:2      | Reached XP level 3. HP: 33/33 MP: 2/2
   884 | D:2      | Noticed Robin
   906 | D:2      | Killed Robin
  1220 | D:2      | Reached XP level 4. HP: 40/40 MP: 3/3
  1393 | D:3      | Found a shimmering altar of Xom.
  1394 | D:3      | Found a shimmering altar of Xom.
  1396 | D:3      | Found a shimmering altar of Xom.
  1410 | D:3      | Found a shimmering altar of Xom.
  1410 | D:3      | Found a shimmering altar of Xom.
  1412 | D:3      | Found a shimmering altar of Xom.
  1429 | D:3      | Found a sparkling altar of Nemelex Xobeh.
  1653 | D:3      | Found a snail-covered altar of Cheibriados.
  1653 | D:3      | Found an iron altar of Okawaru.
  1654 | D:3      | Found an ancient bone altar of Kikubaaqudgha.
  1661 | D:3      | Became a worshipper of Warmaster Okawaru
  1684 | D:3      | Found a glowing golden altar of the Shining One.
  1887 | D:4      | Noticed wearedevo's ghost (novice SpGl)
  1896 | D:4      | Killed wearedevo's ghost
  1896 | D:4      | Reached * piety under Okawaru
  1896 | D:4      | Reached skill level 5 in Armour
  1896 | D:4      | Reached XP level 5. HP: 42/47 MP: 4/4
  1896 | D:4      | Reached XP level 6. HP: 49/55 MP: 5/5
  2129 | D:4      | Found Tiunu Ebunn's Magic Scroll Shoppe.
  2137 | D:4      | Bought a scroll of teleportation for 30 gold pieces
  2137 | D:4      | Bought a scroll of enchant armour for 75 gold pieces
  2138 | D:4      | Gained mutation: You have a pair of large horns on your head. [potion of mutation]
  2138 | D:4      | Gained mutation: Your movements are slightly less encumbered by armour. (ER -2) [potion of mutation]
  2138 | D:4      | Gained mutation: You are robust. (+10% HP) [potion of mutation]
  2138 | D:4      | Gained mutation: You are very robust. (+20% HP) [potion of mutation]
  2240 | D:4      | Reached skill level 5 in Fighting
  2483 | D:4      | Found a radiant altar of Vehumet.
  2483 | D:4      | Found a shadowy altar of Dithmenos.
  2540 | D:4      | Reached ** piety under Okawaru
  2655 | D:4      | Reached skill level 6 in Armour
  2667 | D:5      | Entered Level 5 of the Dungeon
  2693 | D:5      | Reached XP level 7. HP: 73/73 MP: 6/6
  2798 | D:5      | Reached skill level 7 in Armour
  2928 | D:5      | Reached *** piety under Okawaru
  2928 | D:5      | Reached skill level 8 in Armour
  3070 | D:6      | Reached XP level 8. HP: 60/84 MP: 7/7
  3079 | D:6      | HP: 4/84 [orc warrior/war axe of venom (18)]
  3080 | D:6      | Succumbed to an orc warrior's poison

Vault maps used:
D:1:      dpeg_arrival_round_c, st_stairs_14
D:2:      uniq_robin
D:3:      nemelex_xobeh_ov_fountains_minmay, tso_altar, xom_redecorated,
          gammafunk_temple_overflow_forgotten
D:4:      gammafunk_temple_overflow_elements, serial_shops, shop, first_bread,
          grunt_ministairs_15
D:6:      marbit_many_paths, lemuel_crystal_altar, temple_pool_b,
          nicolae_ossuary_entry_giza

Skill      XL: |  1  2  3  4  5  6  7 |
---------------+----------------------+-----
Armour         | 4 5 6 8 |  8.6
Fighting       | 4 5 6 |  6.2
Axes           | 3 6 |  6.1
Shields        | 4 |  4.1

Action                   |  1- 3 |  4- 6 |  7- 9 || total
-------------------------+-------+-------+-------++-------
Melee: War axe           |    89 |   153 |    50 ||   292
       Headbutt          |    15 |    37 |    12 ||    64
  Use: Potion            |       |     8 |     1 ||     9
       Scroll            |       |     1 |       ||     1
  Eat: Chunk             |     1 |     5 |     1 ||     7
Armor: Scale mail        |    37 |    44 |    14 ||    95
Dodge: Dodged            |    29 |    25 |    17 ||    71
Block: Shield            |    48 |    51 |    36 ||   135
